 Dungeon Crawl Stone Soup version 0.28-a0-793-g31680bbd8b (webtiles) character file.

Game seed: 11215606273293405690

25 cheechan the Cudgeller (level 3, -1/23 HPs)
             Began as a Tengu Chaos Knight on Nov 3, 2021.
             Was a Plaything of Xom.
             Slain by Sigmund (3 damage)
             ... on level 2 of the Dungeon.
             The game lasted 00:03:12 (803 turns).

cheechan the Cudgeller (Tengu Chaos Knight)          Turns: 803, Time: 00:03:12

Health: -1/23      AC:  9    Str: 13    XL:     3   Next: 6%
Magic:  4/4        EV:  8    Int: 12    God:    Xom [..*...]
Gold:   35         SH:  0    Dex: 13    Spells: 2/2 levels left

rFire   . . .      SeeInvis .   a - +3 mace (chaos)
rCold   . . .      Faith    .   c - +0 kite shield
rNeg    . . .      Spirit   .   b - +2 leather armour
rPois   .          Reflect  .   (helmet restricted)
rElec   .          Harm     .   (no cloak)
rCorr   .          Rampage  .   (no gloves)
Will    .....                   (boots unavailable)
Stlth   +.........              (no amulet)
HPRegen 0.07/turn               f - +4 ring of protection
MPRegen 0.09/turn               (no ring)

@: confused
A: beak, talons 3
a: Renounce Religion


You were on level 2 of the Dungeon.
You worshipped Xom.
You were a toy of Xom.
You visited 1 branch of the dungeon, and saw 2 of its levels.

You collected 35 gold pieces.

Inventory:

Hand Weapons
 a - a +3 mace of chaos (weapon)
Missiles
 h - 18 arrows
Armour
 b - a +2 leather armour (worn)
 c - a +0 kite shield (worn)
Magical Staves
 g - a staff of cold
Jewellery
 f - a +4 ring of protection (left hand)
Scrolls
 d - a scroll of identify
Potions
 e - a potion of might


   Skills:
 + Level 3.3 Fighting
 + Level 3.8 Maces & Flails
 + Level 2.6 Armour
 + Level 1.4 Dodging


You had 2 spell levels left.
You didn't know any spells.
Your spell library was empty.

Dungeon Overview and Level Annotations

Branches:
Dungeon (2/15)

Altars:

Annotations:
D:2 Sigmund


Innate Abilities, Weirdness & Mutations

You have a beak for a mouth.
You have claws for feet.


Message History

You kill the hobgoblin!
You barely miss the kobold. You claw the kobold, but do no damage.
Your peck misses the kobold. The kobold barely misses you.
The kobold hits you with a +0 whip.
You hit the kobold. You freeze the kobold.
You kill the kobold!
Things that are here:
a +0 whip; a hobgoblin corpse
Found a gnarled glowing staff.
You see here a staff of cold.
Sigmund the Dreaded comes into view.
He is wielding a +0 scythe.
Sigmund points at you and mumbles some strange words.
You are confused.
Sigmund mumbles some strange words.
Sigmund flickers and vanishes!
Deactivating autopickup; reactivate with Ctrl-A.
You feel less confused.
You see here a staff of cold.
g - a staff of cold You hear some strange, mumbled words.
Something tries to affect you, but you resist.
You hear some strange, mumbled words.
You are confused.
Something hits you! Something hits you but does no damage. Something hits you.
You feel less confused.
You hear some strange, mumbled words.
You are confused.
Okay, then.
Unknown command.
Unknown command.
Unknown command.
Something hits you.
* * * LOW HITPOINT WARNING * * *
You're too confused to move!
Something hits you.
* * * LOW HITPOINT WARNING * * *
You're too confused to move!
Something hits you.
You die...
Xom yawns loudly!

#.........#######.######
####........).......#
...........##########
...........#
...........#
####.......# #.......#
#...{...# #.....@.#
#.......# #.......#
#########


There were no monsters in sight!

Vanquished Creatures
  A ball python (D:1)
  2 endoplasms (D:1)
  2 giant cockroaches (D:1)
  A goblin (D:1)
  5 hobgoblins
  2 kobolds
  A quokka (D:1)
  4 bats (D:1)
  3 frilled lizards (D:1)
  2 rats (D:1)
23 creatures vanquished.

Vanquished Creatures (others)
  A plant (D:1)
1 creature vanquished.

Grand Total: 24 creatures vanquished

Notes
Turn   | Place    | Note
-------+----------+-------------------------------------------
     0 | D:1      | cheechan the Tengu Chaos Knight began the quest for the
                  | Orb.
     0 | D:1      | Reached XP level 1. HP: 14/14 MP: 2/2
    68 | D:1      | XOM: silly message
    84 | D:1      | Reached XP level 2. HP: 14/19 MP: 3/3
   199 | D:1      | XOM: silly message
   622 | D:1      | Reached XP level 3. HP: 21/23 MP: 4/4
   784 | D:2      | Noticed Sigmund
   803 | D:2      | Slain by Sigmund

Illustrated notes

Levels and vault maps discovered:
D:1:      matt_arrival_grand_opening, layout_loops_cross,
          shapermc_ecumenical_altar_mp_urbaneastern
D:2:      layout_basic, hangedman_abyss_or_decor_stabs, uniq_sigmund, uniq_robin

Action                   || total
-------------------------++-------
Melee: Mace              ||    51
       Kick              ||    12
       Peck              ||     4
  Use: Scroll            ||     6
Armor: Leather armour    ||    42
Dodge: Dodged            ||    41
Block: Kite shield       ||     3

Table legend: (Time is in decaauts)
 A = Elapsed time spent in this place.
 B = Non-inter-level travel time spent in this place.
 C = Inter-level travel time spent in this place.
 D = Time resting spent in this place.
 E = Time spent auto-exploring this place.
 F = Levels seen in this place.
 G = Mean time per level.
                   A        B        C        D        E       F      G
               +--------+--------+--------+--------+--------+-----+--------+
         Total |    817 |    817 |      0 |      0 |      0 |   2 |  408.5 |
       Dungeon |    817 |    817 |      0 |      0 |      0 |   2 |  408.5 |
               +--------+--------+--------+--------+--------+-----+--------+

Top non-repeatable levels by time:
     D:1: 766 daAuts
     D:2: 50 daAuts
